 Dungeon Crawl Stone Soup version 0.16.1-11-g651b585 (webtiles) character file.

401 jacksonaction the Poker (level 6, -4/39 HPs)
             Began as an Octopode Gladiator on Apr 3, 2015.
             Slain by a sky beast (6 damage)
             ... in the Ecumenical Temple.
             The game lasted 00:28:04 (4086 turns).

jacksonaction the Poker (Octopode Gladiator)        Turns: 4086, Time: 00:28:04

Health: -4/39      AC:  1    Str: 16    XL:     6   Next: 85%
Magic:  6/6        EV: 12    Int: 11    God:
Gold:   224        SH:  3    Dex: 12    Spells: 0 memorised, 5 levels left

rFire  . . .     SeeInvis .     a - +0 trident
rCold  . . .     Clarity  .     t - +0 buckler
rNeg   . . .     SustAb   .     c - +0 hat
rPois  .         Gourm    .     r - amulet of rage
rElec  .         Spirit   .     (no ring)
rCorr  .         Warding  .     (no ring)
rMut   .         Stasis   .     (no ring)
MR     .....                    (no ring)
Stlth  ++........               (no ring)
                                (no ring)
                                (no ring)
                                (no ring)

@: not resistant to hostile enchantments, unstealthy
A: almost no armour, amphibious, 8 rings, constrict 8, camouflage 1, gelatinous
body 1
a: Evoke Berserk Rage


You were in the Ecumenical Temple.
You were not hungry.

You visited 2 branches of the dungeon, and saw 6 of its levels.

You collected 224 gold pieces.

Inventory:

Hand weapons
 a - a +0 trident (weapon)
Missiles
 d - 3 throwing nets
 q - 36 stones (quivered)
 v - 5 javelins
Armour
 c - a +0 hat (worn)
 t - a +0 buckler (worn)
Jewellery
 r - an amulet of rage (around mantle)
Scrolls
 g - a scroll of fear {unknown}
 h - 2 scrolls of random uselessness {unknown}
 i - 4 scrolls of identify {unknown}
 j - 2 scrolls of teleportation {unknown}
 l - a scroll of enchant weapon {unknown}
 n - 6 scrolls of remove curse {unknown}
 o - a scroll of enchant armour {unknown}
 x - 2 scrolls of recharging {unknown}
 y - a scroll of amnesia {unknown}
 B - a scroll of noise {unknown}
Potions
 b - a potion of invisibility {unknown}
 e - 3 potions of curing
 s - 2 potions of agility {unknown}
 u - a potion of brilliance {unknown}
 z - a potion of restore abilities {unknown}
 A - a potion of might {unknown}
 C - a potion of resistance
Comestibles
 f - 3 bread rations
 k - 2 meat rations
 m - 3 fruits
 p - 2 beef jerkies


   Skills:
 - Level 2.0 Fighting
 + Level 7.5 Polearms
 - Level 2.0 Throwing
 - Level 3.0 Dodging


You had 5 spell levels left.
You didn't know any spells.

Dungeon Overview and Level Annotations

Branches:
Dungeon (7/15)             Temple (1/1) D:7

Altars:
Fedhas
Ru


Innate Abilities, Weirdness & Mutations

You cannot wear most types of armour.
You are amphibious.
You can wear up to eight rings at the same time.
You can use your tentacles to constrict many enemies at once.
Your skin changes colour to match your surroundings (Stealth).
Your rubbery body absorbs attacks (AC +1).


Message History

The sky beast flickers out of sight!
Deactivating autopickup; reactivate with Ctrl-A.
A sky beast appears from thin air!
Reactivating autopickup.
The sky beast flickers out of sight!
Deactivating autopickup; reactivate with Ctrl-A.
A sky beast appears from thin air!
Reactivating autopickup.
The sky beast flickers out of sight!
Deactivating autopickup; reactivate with Ctrl-A.
A sky beast appears from thin air!
Reactivating autopickup.
The sky beast flickers out of sight!
Deactivating autopickup; reactivate with Ctrl-A.
There is an open door here.
There is a staircase back to the Dungeon here.
Something hits you.
* * * LOW HITPOINT WARNING * * *
Something shocks you.
You die...

###+###
###.....###
+#.........#+
##...........##
#.....###.....#
##....#####....##
#....#'...+#....#
#...##.....##...#
+...##..@..##...+
#...##.....##...#
#....#+...+#....#
##....#####....##
#.....###.....#
##...........##
+#.........#+
###.....###
###+###


There were no monsters in sight!

Vanquished Creatures
  A scorpion (D:4)
  A hound (D:4)
  4 orc wizards (D:4)
  2 worker ants (D:4)
  8 adders
  A worm (D:2)
  An adder skeleton (D:4)
  2 giant geckos (D:2)
  16 orcs
  6 bats
  3 giant cockroaches
  8 goblins
  8 hobgoblins
  6 jackals
  7 kobolds
  2 quokkas
  2 ball pythons
  7 giant newts
  10 rats
95 creatures vanquished.

Notes
Turn   | Place    | Note
--------------------------------------------------------------
     0 | D:1      | jacksonaction, the Octopode Gladiator, began the quest for the Orb.
     0 | D:1      | Reached XP level 1. HP: 14/14 MP: 1/1
   357 | D:1      | Reached XP level 2. HP: 19/19 MP: 2/2
   608 | D:1      | Reached skill level 4 in Polearms
   691 | D:2      | Reached XP level 3. HP: 21/24 MP: 3/3
  1707 | D:3      | Reached XP level 4. HP: 29/29 MP: 4/4
  1777 | D:3      | Reached skill level 5 in Polearms
  1960 | D:3      | Found a blossoming altar of Fedhas.
  2242 | D:3      | Found a sacrificial altar of Ru.
  2448 | D:4      | Reached XP level 5. HP: 28/34 MP: 5/5
  2923 | D:4      | Reached skill level 6 in Polearms
  3230 | D:4      | Reached XP level 6. HP: 8/39 MP: 6/6
  3716 | D:4      | Reached skill level 7 in Polearms
  4047 | D:4      | You fall through a shaft for 3 floors!
  4047 | D:7      | Found a staircase to the Ecumenical Temple.
  4051 | Temple   | Entered the Ecumenical Temple
  4086 | Temple   | Slain by a sky beast

Action                   |  1- 3 |  4- 6 || total
-------------------------+-------+-------++-------
Melee: Trident           |    99 |   131 ||   230
Throw: Stone             |    35 |    66 ||   101
  Use: Potion            |       |     1 ||     1
 Stab: Sleeping          |    10 |     1 ||    11
  Eat: Chunk             |     3 |     7 ||    10
